 Dungeon Crawl Stone Soup version 0.24.1 (webtiles) character file.

Game seed: 5506016598750240188, levelgen mode: deterministic

189 Peloso the Covered (level 5, 0/47 HPs)
             Began as a Minotaur Fighter on Mar 29, 2020.
             Was a Follower of Okawaru.
             Succumbed to Ijyb's poison gas
             ... on level 3 of the Dungeon.
             The game lasted 00:04:52 (2556 turns).

Peloso the Covered (Minotaur Fighter)               Turns: 2556, Time: 00:04:53

Health: 0/47       AC: 11    Str: 25    XL:     5   Next: 40%
Magic:  4/4        EV:  4    Int:  5    God:    Okawaru [*.....]
Gold:   134        SH: 10    Dex: 11    Spells: 4/4 levels left

rFire    . . .     SeeInvis .   a - +0 long sword
rCold    . . .     Gourm    .   c - +0 shield
rNeg     . . .     Faith    .   l - +0 plate armour (curse)
rPois    .         Spirit   .   (helmet restricted)
rElec    .         Reflect  .   (no cloak)
rCorr    .         Harm     .   (no gloves)
MR       .....                  (no boots)
Stlth    ..........             (no amulet)
HPRegen  0.15/turn              (no ring)
MPRegen  0.09/turn              (no ring)

@: mighty, lethally poisoned (0 -> -15), drained
A: retaliatory headbutt, horns 2
a: Heroism, Renounce Religion


You were on level 3 of the Dungeon.
You worshipped Okawaru.
Okawaru was aware of your devotion.
You were very hungry.

You visited 1 branch of the dungeon, and saw 3 of its levels.

You collected 134 gold pieces.

Inventory:

Hand Weapons
 a - a +0 long sword (weapon)
Armour
 b - a +0 scale mail
 c - a +0 shield (worn)
 e - a +0 plate armour
 l - a cursed +0 plate armour (worn)
Jewellery
 m - a +6 ring of evasion {unknown}
Scrolls
 g - 4 scrolls of remove curse {unknown}
 h - 4 scrolls of identify {unknown}
 i - 2 scrolls of magic mapping {unknown}
 j - 2 scrolls of teleportation {unknown}
 k - a scroll of enchant armour {unknown}
 o - a scroll of amnesia {unknown}
Potions
 d - a potion of might
 n - a potion of agility
Comestibles
 f - 5 rations


   Skills:
 + Level 4.6(3.6) Fighting
 + Level 4.0(3.0) Long Blades
 + Level 4.9(3.9) Armour
 + Level 0.4(0.0) Dodging
 + Level 0.1(0.0) Stealth
 + Level 4.8(3.8) Shields


You had 4 spell levels left.
You didn't know any spells.
Your spell library was empty.

Dungeon Overview and Level Annotations

Branches:
Dungeon (3/15)

Altars:
Okawaru
Sif Muna
The Shining One


Innate Abilities, Weirdness & Mutations

You reflexively headbutt those who attack you in melee.
You have a pair of horns on your head.


Message History

Ijyb hits you but does no damage.
Unknown command.
Unknown command.
You barely miss Ijyb. You headbutt Ijyb!
Ijyb is severely wounded.
* * * LOW HITPOINT WARNING * * *
You feel very sick. Ijyb hits you but does no damage. You block Ijyb's attack.
Unknown command.
Unknown command.
Your plate armour prevents you from hitting Ijyb.
You headbutt Ijyb!
You kill Ijyb!
Okawaru accepts your kill.
You can now gain great but temporary skills.
Your base Long Blades skill increases to level 4!
* * * LOW HITPOINT WARNING * * *
You feel sick.
Unknown command.
You die...

#...........#
#######....#.#
#......#####.#
########....#########
............####_###
########...###.....#
# ####.<...##♣...♣# #
#.....#####§....# #
#.#....# #♣§@.♣# #
#.#....######'## #
#.#....##...§§+
####.#....##...§§#
.......#'####'####
####.#.#.#....#
#.#.#.#.####
#.#.#.#.# #.#.#.#.#


There were no monsters in sight!

Vanquished Creatures
  An orc priest (D:3)
  An orc wizard (D:3)
  Ijyb (D:3)
  2 adders
  3 oozes
  A worm (D:2)
  2 dart slugs
  3 leopard geckos
  5 orcs (D:3)
  4 bats
  A giant cockroach (D:2)
  9 goblins
  9 hobgoblins
  2 jackals (D:2)
  5 kobolds
  2 quokkas (D:2)
  4 frilled lizards
  5 rats
60 creatures vanquished.

Notes
Turn   | Place    | Note
-------+----------+-------------------------------------------
     0 | D:1      | Peloso the Minotaur Fighter began the quest for the Orb.
     0 | D:1      | Reached XP level 1. HP: 19/19 MP: 0/0
    73 | D:1      | Reached XP level 2. HP: 27/27 MP: 1/1
   690 | D:2      | Found an iron altar of Okawaru.
   700 | D:2      | Became a worshipper of Warmaster Okawaru
   750 | D:2      | Reached XP level 3. HP: 31/33 MP: 2/2
  1427 | D:2      | Found a shimmering blue altar of Sif Muna.
  1606 | D:3      | Reached XP level 4. HP: 41/41 MP: 3/3
  1653 | D:3      | HP: 2/41 [orc wizard/+3 dagger of draining (1)]
  2040 | D:3      | Reached XP level 5. HP: 47/47 MP: 4/4
  2539 | D:3      | Found a glowing golden altar of the Shining One.
  2540 | D:3      | Noticed Ijyb
  2555 | D:3      | Killed Ijyb
  2555 | D:3      | Reached * piety under Okawaru
  2555 | D:3      | HP: 1/47 [poisoned by Ijyb (poison gas)]
  2556 | D:3      | Succumbed to Ijyb's poison gas

Levels and vault maps discovered:
D:1:      psy_arrival_spokes, layout_basic, lemuel_old_faithful
D:2:      kennysheep_six_static_rooms, layout_basic,
          kennysheep_okawaru_gauntlet, led_sif_pool
D:3:      layout_basic, tso_altar, first_ration, uniq_ijyb

Skill      XL: |  1  2  3  4  5 |
---------------+----------------+-----
Fighting       | 4 |  4.6
Armour         | 4 |  4.9
Shields        | 4 |  4.8
Long Blades    | 3 4 |  4.0
Dodging        | |  0.4
Stealth        | |  0.1

Action                   |  1- 3 |  4- 6 || total
-------------------------+-------+-------++-------
Melee: Long sword        |   102 |    68 ||   170
       Headbutt          |    13 |    12 ||    25
  Use: Potion            |     4 |     1 ||     5
  Eat: Chunk             |     2 |     2 ||     4
Armor: Scale mail        |    16 |       ||    16
       Plate armour      |    58 |    49 ||   107
Dodge: Dodged            |    19 |     5 ||    24
Block: Shield            |    59 |    38 ||    97
       Rpst.: Long sword |     1 |     1 ||     2
